 Dungeon Crawl Stone Soup version 0.29-a0-613-gf2c431b9b9 (webtiles) character file.

Game seed: 6420712065526001766

67 HoaS the Ruffian (level 3, -1/33 HPs)
             Began as a Troll Gladiator on June 16, 2022.
             Slain by a gnoll
             ... wielding a +0 halberd
              (10 damage)
             ... on level 2 of the Dungeon.
             The game lasted 00:02:45 (1064 turns).

HoaS the Ruffian (Troll Gladiator)                  Turns: 1064, Time: 00:02:46

Health: -1/33      AC:  4    Str: 22    XL:     3   Next: 98%
Magic:  2/2        EV: 10    Int:  4    God:
Gold:   90         SH:  0    Dex: 13    Spells: 2/2 levels left

rFire   . . .      SeeInvis .     - Unarmed
rCold   . . .      Faith    .   (no shield)
rNeg    . . .      Spirit   .   a - +0 robe
rPois   .          Reflect  .   b - +0 hat
rElec   .          Harm     .   (no cloak)
rCorr   .          Rampage  .   (gloves unavailable)
Will    .....                   (boots unavailable)
Stlth   +.........              (no amulet)
HPRegen 0.91/turn               (no ring)
MPRegen 0.08/turn               (no ring)

@: no status effects
A: large, unfitting armour, claws 3, regeneration 1, shaggy fur 1, tough skin 1
a: no special abilities


You were on level 2 of the Dungeon.
You visited 1 branch of the dungeon, and saw 2 of its levels.

You collected 90 gold pieces.

Inventory:

Missiles
 c - 3 throwing nets (quivered)
 d - a large rock
Armour
 a - a +0 robe (worn)
 b - a +0 hat (worn)
Scrolls
 h - 2 scrolls of teleportation
Potions
 e - a potion of might {unknown}
 f - a potion of invisibility {unknown}
 g - a potion of brilliance {unknown}
 i - a potion of resistance {unknown}
 j - a potion of flight {unknown}
 k - 2 potions of mutation
 l - a potion of ambrosia {unknown}
 m - 3 potions of heal wounds {unknown}
 o - a potion of degeneration {unknown}


   Skills:
 - Level 1.5 Fighting
 - Level 1.7 Throwing
 - Level 2.4 Dodging
 + Level 4.9 Unarmed Combat


You had 2 spell levels left.
You didn't know any spells.
Your spell library contained the following spells:

 Spells                   Type           Power      Damage    Failure   Level
 Magic Dart               Conj           0%         1d3       50%         1
 Call Imp                 Summ           0%         N/A       65%         2
 Mephitic Cloud           Conj/Pois/Air  0%         N/A       86%         3


Dungeon Overview and Level Annotations

Branches:
Dungeon (2/15)

Altars:


Innate Abilities, Weirdness & Mutations

You are too large for most types of armour.
You have claws for hands.
Your natural rate of healing is unusually fast.
You are covered in fur. (AC +1)
You have tough skin. (AC +1)


Message History

No target in view!
No target in view!
A worm comes into view.
A worm is nearby!
A worm is nearby!
A worm is nearby!
The worm bites you.
You claw the worm!
The worm is moderately wounded.
You claw the worm!
The worm is almost dead.
The worm bites you!
You claw the worm!
You kill the worm!
No target in view!
No target in view!
You start resting.
HP restored.
You open the door. 2 gnolls come into view.
A gnoll is wielding a +2 vorpal flail.
There are monsters nearby!
The gnoll shouts!
The gnoll shouts!
You start waiting.
A gnoll is nearby!
The gnoll hits you with a +0 halberd!
You closely miss the gnoll. You closely miss the gnoll. You claw the gnoll!
The gnoll is almost dead.
You scratch the gnoll.
You kill the gnoll!
The gnoll hits you with a +0 halberd!
A gnoll comes into view. It is wielding a +0 flail.
The gnoll shouts!
The gnoll hits you with a +0 halberd!
* * * LOW HITPOINT WARNING * * *
Things that are here:
a +2 vorpal flail; a gnoll corpse You scratch the gnoll but do no damage.
The gnoll hits you with a +0 halberd!
You die...

#.#......#####)# #.#
#.#.........##.#####..
####.#..........#........
#....#.#######..........(
#.####.#...........######
#.#..........#.....# #.
#.#.##.#.#...#..##.# #.
#.#.##.#g.......##.# #.
#.#.##.#@######.##'#####.
#####......#.g......#........
#..............#....#.....##.
####.#.......#.#....#.....##.
#.........#.######.....##.
###....####'#****########<
#....+,,...,,,,,,*#####.
#....#,.....,,,,,*#.....
######.......,,,,*#.....


You could see 2 gnolls.

Vanquished Creatures
  A gnoll (D:2)
  2 worms (D:2)
  3 dart slugs
  4 endoplasms
  A giant cockroach (D:2)
  6 goblins
  3 hobgoblins (D:1)
  8 jackals (D:1)
  4 ball pythons
  A bat (D:2)
  4 frilled lizards
  2 kobolds (D:2)
  5 rats
44 creatures vanquished.

Notes
Turn   | Place    | Note
-------+----------+-------------------------------------------
     0 | D:1      | HoaS the Troll Gladiator began the quest for the Orb.
     0 | D:1      | Reached XP level 1. HP: 19/19 MP: 0/0
    58 | D:1      | Reached XP level 2. HP: 27/27 MP: 1/1
   283 | D:1      | Reached skill level 4 in Unarmed Combat
   384 | D:1      | Reached XP level 3. HP: 33/33 MP: 2/2
   667 | D:2      | Found a faded altar of an unknown god.
  1064 | D:2      | Slain by a gnoll

Illustrated notes

Levels and vault maps discovered:
D:1:      lightli_arrival_chessboard, layout_loops_ring
D:2:      layout_basic, nicolae_ecumenical_pavilion

Skill      XL: |  1  2 |
---------------+-------+-----
Unarmed Combat | 4 |  4.9
Fighting       | |  1.5
Throwing       | |  1.7
Dodging        | |  2.4

Action                   || total
-------------------------++-------
Melee: Unarmed           ||    93
       Punch             ||     3
  Use: Scroll            ||     6
 Stab: Sleeping          ||     5
Armor: Robe              ||    18
Dodge: Dodged            ||    38

Table legend: (Time is in decaauts)
 A = Elapsed time spent in this place.
 B = Non-inter-level travel time spent in this place.
 C = Inter-level travel time spent in this place.
 D = Time resting spent in this place.
 E = Time spent auto-exploring this place.
 F = Levels seen in this place.
 G = Mean time per level.
                   A        B        C        D        E       F      G
               +--------+--------+--------+--------+--------+-----+--------+
         Total |   1057 |   1001 |     56 |     14 |    718 |   2 |  528.5 |
       Dungeon |   1057 |   1001 |     56 |     14 |    718 |   2 |  528.5 |
               +--------+--------+--------+--------+--------+-----+--------+

Top non-repeatable levels by time:
     D:1: 696 daAuts
     D:2: 361 daAuts
